 Dungeon Crawl Stone Soup version 0.27-a0-1206-g6342a01c75 (webtiles) character file.

Game seed: 15183098471058071895

35 Glokmah the Bolt Thrower (level 3, 0/28 HPs)
             Began as a Formicid Hunter on June 5, 2021.
             Slain by Terence
             ... wielding a +0 flail
              (10 damage)
             ... on level 2 of the Dungeon.
             The game lasted 00:02:51 (2199 turns).

Glokmah the Bolt Thrower (Formicid Hunter)          Turns: 2199, Time: 00:02:52

Health: 0/28       AC:  3    Str: 16    XL:     3   Next: 52%
Magic:  3/3        EV: 11    Int: 10    God:
Gold:   72         SH:  0    Dex: 12    Spells: 2/2 levels left

rFire    . . .     SeeInvis +   b - +2 whip (elec)
rCold    . . .     Faith    .   (no shield)
rNeg     . . .     Spirit   .   c - +0 leather armour
rPois    .         Reflect  .   (helmet unavailable)
rElec    .         Harm     +   k - scarf {harm}
rCorr    .         Rampage  .   (no gloves)
Will     .....                  (no boots)
Stlth    +.........             (no amulet)
HPRegen  0.09/turn              (no ring)
MPRegen  0.08/turn              (no ring)

@: no status effects
A: permanent stasis, dig shafts and tunnels, antennae 3, four strong arms
a: Dig, Shaft Self


You were on level 2 of the Dungeon.
You visited 1 branch of the dungeon, and saw 2 of its levels.

You collected 72 gold pieces.

Inventory:

Hand Weapons
 a - a +1 hand crossbow
 b - a +2 whip of electrocution (weapon)
 g - a +0 short sword
Missiles
 d - 16 bolts
 i - 6 boomerangs (quivered)
Armour
 c - a +0 leather armour (worn)
 k - a scarf of harm (worn)
Jewellery
 f - a ring of poison resistance
Scrolls
 e - 3 scrolls of identify {unknown}
Potions
 h - a potion of curing
 j - a potion of haste {unknown}


   Skills:
 + Level 2.9 Fighting
 * Level 4.7 Crossbows
 - Level 1.7 Dodging
 - Level 1.2 Stealth


You had 2 spell levels left.
You didn't know any spells.
Your spell library was empty.

Dungeon Overview and Level Annotations

Branches:
Dungeon (2/15)

Altars:

Annotations:
D:2 Terence


Innate Abilities, Weirdness & Mutations

You cannot be hasted, slowed, berserked, paralysed or teleported.
You can dig through walls and to a lower floor.
You have a pair of large antennae on your head. (SInv)
Your four strong arms can wield two-handed weapons with a shield.


Message History

The bolt hits Terence but does no damage.
Fire: 19 bolts
Press: ? - help, Q - select action, (/) - cycle Shift-Dir - straight line, f/p - Terence
Aim: Terence, wielding a +0 flail and wearing a +0 chain mail (72% to hit)
You shoot a bolt. The bolt hits Terence!
Terence is heavily wounded.
Unknown command.
Fire: 18 bolts
Press: ? - help, Q - select action, (/) - cycle Shift-Dir - straight line, f/p - Terence
Aim: Terence, wielding a +0 flail and wearing a +0 chain mail (heavily wounded, 72% to hit)
You shoot a bolt. The bolt closely misses Terence.
Unknown command.
Fire: 17 bolts
Press: ? - help, Q - select action, (/) - cycle Shift-Dir - straight line, f/p - Terence
Aim: Terence, wielding a +0 flail and wearing a +0 chain mail (heavily wounded, 72% to hit)
You shoot a bolt.
The bolt hits Terence but does no damage.
Terence is heavily wounded.
You hear the crackle of electricity.
b - a +2 whip of electrocution (weapon)
Terence hits you with a +0 flail.
You closely miss Terence.
Terence is heavily wounded.
Terence completely misses you.
You hit Terence.
Terence is almost dead.
Terence barely misses you.
You barely miss Terence.
Terence is almost dead.
Terence hits you with a +0 flail!
You hit Terence but do no damage.
Terence is almost dead.
Terence hits you with a +0 flail!
* * * LOW HITPOINT WARNING * * *
You closely miss Terence.
Terence is almost dead.
Terence hits you with a +0 flail.
* * * LOW HITPOINT WARNING * * *
It was a potion of curing.
You feel better. Terence hits you with a +0 flail!
You die...

.........# #...#
#########..... .#.#.#.###
##+##..(.# #......
######## .##...(# #......
####.+..(.# ####......
#....#....# #....#####
###.#..#....# #.####
.......#(...# #.# .
#.....@...# #.# .#
..##....@...####'########
.
≈........####.....#......
≈≈................#......
P.≈........#.............
PP≈≈≈≈.....#........#+###
≈≈P≈≈.≈.............#.#..
≈≈≈≈≈≈≈≈.≈≈P.............
P≈≈≈≈≈≈≈≈≈≈≈..≈≈≈≈..≈≈P≈.
.P≈≈≈≈≈≈≈≈≈≈≈≈.≈P≈≈≈≈≈≈≈≈


You could see Terence.

Vanquished Creatures
  An adder (D:2)
  A worm (D:2)
  A dart slug (D:1)
  2 ball pythons (D:1)
  2 bats
  5 endoplasms
  4 goblins
  A hobgoblin (D:2)
  A frilled lizard (D:1)
  2 rats (D:2)
20 creatures vanquished.

Vanquished Creatures (others)
  7 plants (D:2)
7 creatures vanquished.

Grand Total: 27 creatures vanquished

Notes
Turn   | Place    | Note
-------+----------+-------------------------------------------
     0 | D:1      | Glokmah the Formicid Hunter began the quest for the Orb.
     0 | D:1      | Reached XP level 1. HP: 16/16 MP: 1/1
   643 | D:1      | Reached XP level 2. HP: 23/23 MP: 2/2
  1510 | D:2      | Reached XP level 3. HP: 13/28 MP: 3/3
  2186 | D:2      | Noticed Terence
  2199 | D:2      | Slain by Terence

Illustrated notes

Levels and vault maps discovered:
D:1:      saegor_arrival_simple_c, layout_loops_corners
D:2:      layout_basic, chequers_big_river, chequers_decorated_corner,
          hex_large, uniq_terence

Action                   || total
-------------------------++-------
Melee: Short sword       ||    24
       Whip              ||    27
 Fire: Hand crossbow     ||    14
  Use: Potion            ||     1
 Stab: Sleeping          ||     1
Armor: Leather armour    ||    10
Dodge: Dodged            ||    16

Table legend: (Time is in decaauts)
 A = Elapsed time spent in this place.
 B = Non-inter-level travel time spent in this place.
 C = Inter-level travel time spent in this place.
 D = Time resting spent in this place.
 E = Time spent auto-exploring this place.
 F = Levels seen in this place.
 G = Mean time per level.
                   A        B        C        D        E       F      G
               +--------+--------+--------+--------+--------+-----+--------+
         Total |   2203 |   2114 |     89 |    177 |   1520 |   2 | 1101.5 |
       Dungeon |   2203 |   2114 |     89 |    177 |   1520 |   2 | 1101.5 |
               +--------+--------+--------+--------+--------+-----+--------+

Top non-repeatable levels by time:
     D:1: 1395 daAuts
     D:2: 808 daAuts
